AoeStats
← quiquito45

Fortress

508554121Analyzed
4v4 RM · 9d ago on Sep 23, 2026· 80m 24s· 8 players
Game mode
Random Map
Map size
Huge
Population
200
Speed
Normal
Resources
Standard
Victory
Conquest
Starting age
Dark Age
Ending age
Imperial Age
RankedLock teamsTeams togetherTeam positionsShared explorationLock speedFull tech treeHidden civsTurbo modeCheats
Victory
Defeat
🇲🇽 Vietnamese · Mexico
1019
+13
🇷🇴 Aztecs · Romania
1005
+14
🇬🇧 Poles · United Kingdom
953
+16
🇬🇧 Turks · United Kingdom
891
+20
🇦🇷 Italians · Argentina
1008
-18
🇺🇸 Berbers · United States
954
-15
🇧🇷 Varangians · Brazil
942
-15
🇨🇳 Magyars · China
932
-15
quiquito45
1:37 Loom
7:02 Feudal Age
13:37 Castle Age
13:06 Double-Bit Axe
13:02 Horse Collar
17:00 Bow Saw
19:04 Wheelbarrow
23:33 Town Watch
23:58 Gold Mining
24:12 Heavy Plow
25:01 Hand Cart
24:52 Fletching
25:03 Padded Archer Armor
26:31 Stone Mining
27:06 Town Patrol
28:34 Stone Shaft Mining
28:39 Bodkin Arrow
33:16 Imperial Age
32:19 Leather Archer Armor
33:32 Fortified Wall
33:18 Murder Holes
34:02 Caravan
34:11 Bracer
34:41 Ring Archer Armor
34:13 Scale Mail Armor
34:24 Forging
36:39 Thumb Ring
36:56 Elite Fire Lancer
39:05 Two-Man Saw
38:37 Crop Rotation
39:36 Chemistry
39:07 Ballistics
39:43 Guilds
40:38 Chain Mail Armor
40:59 Iron Casting
40:45 Elite Rattan Archer
41:18 Elite Skirmisher
41:20 Crossbowman
41:58 Imperial Skirmisher
42:06 Imperial Skirmisher
43:27 Plate Mail Armor
49:55 Paper Money
61:13 Scale Barding Armor
64:06 Bombard Tower
73:28 Chain Barding Armor
78:00 Pikeman
78:41 Squires
78:26 Arson
dpiddock77
0:31 Loom
9:18 Feudal Age
11:09 Double-Bit Axe
14:09 Castle Age
14:46 Wheelbarrow
20:22 Imperial Age
35:34 Gold Mining
35:35 Stone Mining
37:26 Husbandry
50:23 Hand Cart
49:54 Town Watch
58:52 Town Patrol
67:51 Capped Ram
69:54 Cavalier
78:07 Bloodlines
Leszko1
9:12 Feudal Age
11:04 Double-Bit Axe
11:03 Horse Collar
14:13 Castle Age
14:14 Wheelbarrow
16:14 Scale Barding Armor
16:19 Forging
16:29 Szlachta Privileges
16:49 Husbandry
16:10 Light Cavalry
16:50 Stone Mining
16:51 Gold Mining
17:06 Heavy Plow
17:23 Bow Saw
18:19 Bloodlines
20:13 Stone Shaft Mining
25:27 Chain Barding Armor
29:54 Squires
33:31 Fletching
36:18 Scale Mail Armor
38:14 Iron Casting
37:55 Chain Mail Armor
37:36 Bodkin Arrow
38:58 Hand Cart
47:45 Imperial Age
45:01 Loom
45:02 Town Watch
47:51 Imperial Age
45:09 Town Watch
45:10 Loom
46:48 Padded Archer Armor
53:13 Cavalier
54:14 Winged Hussar
56:42 Blast Furnace
56:06 Conscription
57:05 Plate Mail Armor
63:08 Lechitic Legacy
65:02 Pikeman
65:06 Elite Obuch
73:39 Bracer
73:51 Thumb Ring
Veni Vidi Avicii 2
1:56 Loom
7:32 Feudal Age
8:16 Horse Collar
8:23 Double-Bit Axe
12:32 Gold Mining
15:59 Castle Age
15:57 Stone Mining
17:01 Heavy Plow
17:14 Bow Saw
21:46 Scale Mail Armor
23:50 Wheelbarrow
23:17 Town Watch
25:43 Fortified Wall
25:16 Treadmill Crane
26:31 Hand Cart
26:45 Gambesons
27:00 Squires
26:46 Arson
26:22 Pikeman
28:43 Murder Holes
29:02 Forging
29:07 Chain Mail Armor
31:30 Ballistics
31:03 Fletching
31:49 Iron Casting
34:22 Imperial Age
32:31 Gold Shaft Mining
32:32 Stone Shaft Mining
32:02 Bodkin Arrow
34:00 Padded Archer Armor
34:35 Atlatl
34:57 Leather Archer Armor
34:52 Caravan
34:32 Elite Skirmisher
35:35 Bracer
36:42 Chemistry
36:06 Conscription
35:59 Imperial Skirmisher
38:46 Blast Furnace
38:18 Plate Mail Armor
38:46 Siege Engineers
41:39 Garland Wars
40:51 Sappers
48:21 Coinage
48:42 Elite Jaguar Warrior
50:31 Banking
49:47 Capped Ram
52:05 Siege Ram
donoban.ramirez
0:27 Loom
8:41 Feudal Age
10:03 Double-Bit Axe
10:01 Horse Collar
14:13 Castle Age
12:48 Gold Mining
16:08 Bow Saw
16:51 Heavy Plow
17:13 Bloodlines
17:22 Kasbah
18:23 Kasbah
21:40 Bloodlines
22:21 Scale Barding Armor
24:39 Forging
24:44 Fletching
25:39 Padded Archer Armor
26:56 Leather Archer Armor
26:11 Pikeman
26:54 Scale Mail Armor
26:49 Arson
27:59 Wheelbarrow
27:11 Town Watch
27:42 Squires
28:44 Bodkin Arrow
29:25 Forging
29:51 Thumb Ring
30:33 Chain Mail Armor
31:29 Gold Shaft Mining
30:33 Man-at-Arms
33:06 Iron Casting
34:06 Hand Cart
37:58 Imperial Age
36:37 Chain Barding Armor
36:16 Elite Skirmisher
36:17 Crossbowman
37:19 Town Patrol
38:44 Bracer
39:24 Ballistics
38:32 Light Cavalry
39:13 Husbandry
40:15 Ring Archer Armor
40:17 Heavy Cavalry Archer
41:30 Plate Mail Armor
42:32 Plate Barding Armor
41:22 Long Swordsman
43:04 Blast Furnace
46:52 Chemistry
48:08 Two-Handed Swordsman
54:52 Capped Ram
57:46 Hussar
61:59 Heavy Camel Rider
BenImortal
1:11 Loom
8:22 Feudal Age
9:45 Horse Collar
9:51 Double-Bit Axe
15:02 Castle Age
14:12 Wheelbarrow
13:22 Town Watch
13:56 Gold Mining
13:57 Stone Mining
14:16 Scale Barding Armor
14:22 Forging
18:00 Bow Saw
19:23 Iron Casting
19:48 Heavy Plow
21:58 Chain Barding Armor
22:44 Stone Shaft Mining
24:21 Pikeman
25:02 Squires
25:16 Scale Mail Armor
26:34 Chain Mail Armor
28:15 Town Patrol
28:31 Hand Cart
36:17 Imperial Age
33:27 Light Cavalry
34:18 Bloodlines
34:09 Husbandry
38:28 Arson
39:29 Halberdier
43:53 Plate Mail Armor
43:48 Elite Varangian Guard
44:29 Gothikon
45:16 Vendel Legacy
45:37 Cavalier
47:39 Plate Barding Armor
47:05 Hussar
49:18 Crop Rotation
49:59 Two-Man Saw
50:22 Blast Furnace
54:56 Coinage
58:52 Caravan
59:23 Banking
59:03 Guilds
Sobelix
3:35 Loom
7:23 Feudal Age
7:30 Loom
8:05 Double-Bit Axe
8:59 Horse Collar
12:57 Castle Age
13:47 Wheelbarrow
13:48 Bow Saw
19:36 Heavy Plow
21:16 Hand Cart
20:49 Town Watch
26:26 Imperial Age
23:59 Fletching
25:59 Bodkin Arrow
26:04 Padded Archer Armor
26:10 Scale Barding Armor
26:16 Forging
26:18 Bloodlines
26:16 Husbandry
26:10 Light Cavalry
28:28 Chemistry
28:13 Conscription
28:33 Chain Barding Armor
29:37 Silk Road
30:09 Leather Archer Armor
30:48 Bracer
31:25 Iron Casting
31:40 Crop Rotation
30:46 Hussar
33:02 Thumb Ring
33:28 Ring Archer Armor
34:31 Two-Man Saw
34:47 Caravan
35:31 Ballistics
38:42 Elite Skirmisher
40:28 Plate Barding Armor
40:54 Blast Furnace
45:11 Murder Holes
47:10 Elite Genoese Crossbowman
52:44 Masonry
55:21 Pirotechnia
77:57 Capped Ram
Sanchi
6:55 Feudal Age
11:24 Castle Age
9:43 Gold Mining
10:32 Horse Collar
10:40 Double-Bit Axe
12:12 Bloodlines
12:11 Scale Barding Armor
14:46 Gold Shaft Mining
18:19 Husbandry
20:51 Chain Barding Armor
23:02 Heavy Plow
23:19 Bow Saw
31:48 Imperial Age
33:34 Conscription
32:35 Elite Magyar Huszar
33:20 Corvinian Army
34:58 Plate Barding Armor
34:14 Fletching
34:25 Padded Archer Armor
36:53 Crop Rotation
37:14 Bodkin Arrow
37:35 Leather Archer Armor
38:23 Bracer
40:00 Heavy Cavalry Archer
40:47 Thumb Ring
44:02 Ring Archer Armor
43:56 Ballistics
44:05 Parthian Tactics
47:40 Chemistry
48:16 Recurve Bow
53:15 Wheelbarrow
52:26 Loom
52:29 Town Watch
59:09 Stone Mining
62:18 Siege Engineers
70:36 Elite Genitour
Connection lost

Rejoining the realm…

Still unreachable

The connection could not be restored.

Session expired

The server has moved on; the page needs a fresh start.